 Dungeon Crawl Stone Soup version 0.28.0-47-ge53b351184 (webtiles) character file.

Game seed: 5027922882883219653

6077 DearestLeader the Blocker (level 10, 0/82 HPs)
             Began as a Gnoll Fighter on Apr 25, 2022.
             Was an Initiate of Okawaru.
             Slain by a red devil
             ... wielding a +2 trident of freezing
             ... summoned by a kobold demonologist
              (1 damage)
             ... on level 8 of the Dungeon.
             The game lasted 00:15:01 (8386 turns).

DearestLeader the Blocker (Gnoll Fighter)           Turns: 8386, Time: 00:15:02

Health: 0/82       AC: 20    Str: 20    XL:     10   Next: 88%
Magic:  18/18      EV: 18    Int:  8    God:    Okawaru [......]
Gold:   374        SH:  0    Dex: 11    Spells: 20/20 levels left

rFire   + + +      SeeInvis .   y - +6 quarterstaff of the Wilderness {spect, rPois}
rCold   + . .      Faith    .   (shield currently unavailable)
rNeg    . . .      Spirit   .   N - +0 chain mail {rPois}
rPois   +          Reflect  .   V - +2 helmet
rElec   .          Harm     .   u - +2 cloak of Xom's Envy {Drain rF++ rC+}
rCorr   .          Rampage  .   f - +0 pair of gloves
Will    .....                   l - +0 pair of boots
Stlth   ..........              A - amulet of magic regeneration
HPRegen 0.23/turn               p - +4 ring of evasion
MPRegen 0.56/turn               I - ring of protection from fire

@: agile, spiked, slowed, studying Short Blades, very slow
A: fangs 1, strong nose, distributed training
a: Renounce Religion


You were on level 8 of the Dungeon.
You worshipped Okawaru.
Okawaru was noncommittal.
You visited 2 branches of the dungeon, and saw 9 of its levels.
You also visited: Bailey.

You collected 413 gold pieces.
You spent 39 gold pieces at shops.

Inventory:

Hand Weapons
 a - a +1 war axe
 v - a +2 battleaxe of holy wrath
 y - the +6 quarterstaff of the Wilderness (weapon) {spect, rPois}
   (You took it off a kobold brigand on level 4 of the Dungeon)

   When its wielder attacks, the weapon's spirit leaps out and strikes again.
   The spirit shares a part of any damage it takes with its wielder.
   rPois:     It protects you from poison.
Missiles
 i - 5 atropa-tipped darts
 s - 2 javelins (quivered)
 z - 13 sling bullets
 F - 6 datura-tipped darts
Armour
 c - a +0 buckler
 f - a +0 pair of gloves (worn)
 l - a +0 pair of boots (worn)
 u - the +2 cloak of Xom's Envy (worn) {Drain rF++ rC+}
   (You found it on level 6 of the Dungeon)

   rF:        It greatly protects you from fire.
   rC:        It protects you from cold.
   Drain:     It drains your maximum health when unequipped.
 N - a +0 chain mail of poison resistance (worn)
 S - a +0 kite shield
 V - a +2 helmet (worn)
Jewellery
 b - a +4 ring of evasion
 p - a +4 ring of evasion (left hand)
 A - an amulet of magic regeneration (around neck)
 H - a ring of fire
 I - a ring of protection from fire (right hand)
 J - a ring of magical power
 L - a ring of flight
 M - a +6 ring of intelligence
Wands
 k - a wand of flame (14)
 O - a wand of digging (5)
 U - a wand of iceblast (2)
Scrolls
 d - 3 scrolls of amnesia
 j - 2 scrolls of teleportation
 m - a scroll of fear
 o - 5 scrolls of enchant weapon
 r - a scroll of vulnerability
 t - a scroll of identify
 D - 2 scrolls of noise
 P - a scroll of enchant armour
 R - 4 scrolls of summoning
 T - 3 scrolls of fog
Potions
 e - 3 potions of invisibility
 g - 8 potions of curing
 h - 2 potions of lignification
 q - 6 potions of heal wounds
 w - a potion of resistance {unknown}
 x - a potion of brilliance {unknown}
 B - a potion of attraction {unknown}
 C - a potion of magic {unknown}
 E - 2 potions of cancellation {unknown}
 G - a potion of flight {unknown}
 K - 2 potions of haste {unknown}
 Q - a potion of experience {unknown}


   Skills:
 + Level 8.8 Fighting
 + Level 6.7 Short Blades
 + Level 5.7 Long Blades
 + Level 7.4 Axes
 + Level 5.7 Maces & Flails
 + Level 5.7 Polearms
 + Level 5.7 Staves
 + Level 5.7 Slings
 + Level 5.7 Bows
 + Level 5.7 Crossbows
 + Level 5.7 Throwing
 + Level 8.8 Armour
 + Level 5.7 Dodging
 + Level 5.7 Stealth
 + Level 8.8 Shields
 + Level 5.7 Unarmed Combat
 + Level 5.7 Spellcasting
 + Level 4.7 Conjurations
 + Level 4.7 Hexes
 + Level 4.7 Summonings
 + Level 4.7 Necromancy
 + Level 4.7 Translocations
 + Level 4.7 Transmutations
 + Level 4.7 Fire Magic
 + Level 4.7 Ice Magic
 + Level 4.7 Air Magic
 + Level 4.7 Earth Magic
 + Level 4.7 Poison Magic
 + Level 6.2 Invocations
 + Level 5.7 Evocations


You had 20 spell levels left.
You didn't know any spells.
Your spell library contained the following spells:

 Spells                   Type           Power      Damage    Failure   Level
 Static Discharge         Conj/Air       9%         N/A       38%         2
 Lightning Bolt           Conj/Air       4%         1d16      100%        5
 Maxwell's Capacitive Co  Air            4%         ∞         100%        8


Dungeon Overview and Level Annotations

Branches:
Dungeon (8/15)             Temple (1/1) D:7          Bailey (visited)
   Lair: D:8-11

Altars:
Ashenzari
Cheibriados
Dithmenos
Elyvilon
Fedhas
Hepliaklqana
Kikubaaqudgha
Makhleb
Okawaru
Qazlal
Sif Muna
Trog
Uskayaw
Vehumet
Wu Jian
Xom
Zin
The Shining One
Jiyva

Shops:
D:1 !

Annotations:
D:5 3 runed translucent doors, 101zpm's ghost, amateur DjIE
D:6 4 runed translucent doors, makewrite's ghost, novice MiBe


Innate Abilities, Weirdness & Mutations

You have very sharp teeth.
Your uncanny sense of smell can sniff out nearby items.
Your experience applies equally to all skills.


Message History

You see here a +0 club.
You closely miss the kobold demonologist.
You bite the kobold demonologist, but do no damage.
The kobold demonologist is severely wounded.
Your +6 quarterstaff of the Wilderness {spect, rPois} hits the kobold demonologist!
You feel sick.
The quasit bites you but does no damage.
The quasit closely misses you. The quasit completely misses you.
The kobold enters a dispersal trap!
The red devil blinks!
The quasit blinks!
The iron imp blinks!
The sun demon blinks!
The kobold demonologist blinks!
The kobold brigand blinks!
Your +6 quarterstaff of the Wilderness {spect, rPois} blinks!
The kobold demonologist blinks! x2; The sun demon blinks! x2
The white imp blinks!
The kobold brigand blinks!
The red devil blinks!
The white imp blinks!
The quasit blinks!
Your +6 quarterstaff of the Wilderness {spect, rPois} blinks!
You blink.
The kobold blinks!
The white imp hits something.
Your spectral weapon shares its damage with you!
The white imp freezes something.
* * * LOW HITPOINT WARNING * * *
The white imp closely misses something.
The barbs in your skin will harm you if you move.
Continue?
Okay, then.
You feel better.
Your surroundings suddenly seem different.
Okay, then.
You feel better.
The red devil hits you from afar with a +2 trident of freezing!
* * * LOW HITPOINT WARNING * * *
Barbed spikes become lodged in your body.
The red devil freezes you.
* * * LOW HITPOINT WARNING * * *
The barbs in your skin will harm you if you move.
Continue?
The barbed spikes dig painfully into your body as you move.
* * * LOW HITPOINT WARNING * * *
The red devil hits you with a +2 trident of freezing!
* * * LOW HITPOINT WARNING * * *
Barbed spikes become lodged in your body.
The red devil freezes you.
You die...

.......... #### #....5.........
.............#...##....(.5.......
###.......>.............§K.......
## ...................§)§K......#
.# #...................§§..§5..#
.###...........................#
.##..................§.#......##
.##............4.##..§##K.§...#
.##............#@#####........#∆
.##............#..###.......K.#
.##.............#.............#
.#..............###...........#
.#.#............# #............
.....#.........####.............
.#..###.......................
....# ##.###..................
.##.# ...##..[..............>.


You could see a red devil (summoned).

Vanquished Creatures
  2 orc knights (Bailey)
  A gargoyle (D:7)
  A kobold demonologist (D:8)
  Prince Ribbit (D:6)
  Sigmund (D:2)
  A steam dragon (D:7)
  Edmund (D:6)
  A water moccasin (D:5)
  A hornet zombie (D:6)
  2 ice beasts
  9 orc warriors
  6 ogres
  5 centaurs
  4 necrophages
  A phantom (D:6)
  A kobold brigand (D:4)
  2 bullfrogs
  2 gnoll sergeants
  7 scorpions
  A wyvern skeleton (D:7)
  A water moccasin skeleton (D:6)
  2 centaur zombies
  2 jellies
  2 bullfrog skeletons
  2 centaur skeletons
  3 orc wizards
  2 killer bee zombies
  Robin (D:2)
  A howler monkey zombie (D:5)
  14 gnolls
  A howler monkey skeleton (D:5)
  2 adders
  3 white imps
  An adder skeleton (D:4)
  2 worms
  2 dart slugs
  30 orcs
  8 bats
  5 endoplasms
  10 giant cockroaches
  15 goblins
  12 hobgoblins
  18 kobolds
  2 quokkas
  5 ball pythons
  A frilled lizard (D:3)
  6 rats
203 creatures vanquished.

Vanquished Creatures (others)
  3 fungi (D:6)
  4 plants
7 creatures vanquished.

Grand Total: 210 creatures vanquished

Notes
Turn   | Place    | Note
-------+----------+-------------------------------------------
     0 | D:1      | DearestLeader the Gnoll Fighter began the quest for the
                  | Orb.
     0 | D:1      | Reached XP level 1. HP: 23/23 MP: 1/1
    52 | D:1      | Found Obiyl's Distillery.
   117 | D:1      | Bought a potion of curing for 39 gold pieces
   122 | D:1      | Reached XP level 2. HP: 29/29 MP: 2/2
   369 | D:1      | Reached XP level 3. HP: 35/35 MP: 3/3
   721 | D:2      | Reached skill level 1 in Invocations
   726 | D:2      | Noticed Robin
   731 | D:2      | Reached skill level 1 in Short Blades
   731 | D:2      | Reached skill level 1 in Long Blades
   731 | D:2      | Reached skill level 1 in Maces & Flails
   731 | D:2      | Reached skill level 1 in Polearms
   731 | D:2      | Reached skill level 1 in Staves
   731 | D:2      | Reached skill level 1 in Slings
   731 | D:2      | Reached skill level 1 in Bows
   731 | D:2      | Reached skill level 1 in Crossbows
   731 | D:2      | Reached skill level 1 in Throwing
   731 | D:2      | Reached skill level 1 in Dodging
   731 | D:2      | Reached skill level 1 in Stealth
   731 | D:2      | Reached skill level 1 in Unarmed Combat
   731 | D:2      | Reached skill level 1 in Spellcasting
   731 | D:2      | Reached skill level 1 in Evocations
   740 | D:2      | Killed Robin
   741 | D:2      | Reached XP level 4. HP: 36/41 MP: 5/5
   916 | D:2      | Found a faded altar of an unknown god.
  1062 | D:2      | Noticed Sigmund
  1079 | D:2      | Killed Sigmund
  1080 | D:2      | Reached skill level 1 in Conjurations
  1080 | D:2      | Reached skill level 1 in Hexes
  1080 | D:2      | Reached skill level 1 in Summonings
  1080 | D:2      | Reached skill level 1 in Necromancy
  1080 | D:2      | Reached skill level 1 in Translocations
  1080 | D:2      | Reached skill level 1 in Transmutations
  1080 | D:2      | Reached skill level 1 in Fire Magic
  1080 | D:2      | Reached skill level 1 in Ice Magic
  1080 | D:2      | Reached skill level 1 in Air Magic
  1080 | D:2      | Reached skill level 1 in Earth Magic
  1080 | D:2      | Reached skill level 1 in Poison Magic
  1080 | D:2      | Reached XP level 5. HP: 5/47 MP: 5/7
  1760 | D:3      | Reached XP level 6. HP: 53/53 MP: 8/8
  2853 | D:4      | Reached skill level 5 in Axes
  3007 | D:4      | Identified the +6 quarterstaff of the Wilderness {spect,
                  | rPois}
  3384 | D:4      | Reached XP level 7. HP: 41/59 MP: 10/10
  3999 | D:5      | Entered Level 5 of the Dungeon
  4158 | D:5      | Found a runed translucent gate.
  4161 | D:5      | Found a runed translucent gate.
  4162 | D:5      | Found a runed translucent gate.
  4176 | D:5      | Reached XP level 8. HP: 50/67 MP: 12/12
  4547 | D:5      | Noticed 101zpm's ghost (amateur DjIE)
  4749 | D:5      | Found a blossoming altar of Fedhas.
  4753 | D:5      | Found a stormy altar of Qazlal.
  5329 | D:6      | Found a glowing golden altar of the Shining One.
  5459 | D:6      | Reached XP level 9. HP: 71/72 MP: 14/14
  5489 | D:6      | Noticed Edmund
  5500 | D:6      | Killed Edmund
  5596 | D:6      | Found a runed translucent door.
  5599 | D:6      | Identified the +2 cloak of Xom's Envy {Drain rF++ rC+}
  5607 | D:6      | Found a runed translucent door.
  5715 | D:6      | Found a runed translucent gate.
  5715 | D:6      | Found a runed translucent gate.
  5715 | D:6      | Found a runed translucent gate.
  5718 | D:6      | Noticed makewrite's ghost (novice MiBe)
  5726 | D:6      | Noticed Prince Ribbit
  5750 | D:6      | Killed Prince Ribbit
  5967 | D:6      | Reached skill level 5 in Invocations
  6260 | D:7      | Reached skill level 5 in Short Blades
  6276 | D:7      | Found a flagged portal.
  6292 | D:7      | Reached XP level 10. HP: 59/80 MP: 17/17
  6317 | Bailey   | Entered a bailey
  6747 | Bailey   | Noticed an orc knight
  6747 | Bailey   | Noticed an orc knight
  6778 | Bailey   | Killed an orc knight
  6779 | Bailey   | Reached skill level 5 in Long Blades
  6779 | Bailey   | Reached skill level 5 in Maces & Flails
  6779 | Bailey   | Reached skill level 5 in Polearms
  6779 | Bailey   | Reached skill level 5 in Staves
  6779 | Bailey   | Reached skill level 5 in Slings
  6779 | Bailey   | Reached skill level 5 in Bows
  6779 | Bailey   | Reached skill level 5 in Crossbows
  6779 | Bailey   | Reached skill level 5 in Throwing
  6779 | Bailey   | Reached skill level 5 in Dodging
  6779 | Bailey   | Reached skill level 5 in Stealth
  6779 | Bailey   | Reached skill level 5 in Unarmed Combat
  6779 | Bailey   | Reached skill level 5 in Spellcasting
  6779 | Bailey   | Reached skill level 5 in Evocations
  7109 | Bailey   | Killed an orc knight
  7593 | D:7      | Noticed a gargoyle
  7599 | D:7      | Killed a gargoyle
  7670 | D:7      | Found a staircase to the Ecumenical Temple.
  7679 | Temple   | Entered the Ecumenical Temple
  7740 | Temple   | Became a worshipper of Warmaster Okawaru
  7988 | D:7      | Found a shimmering blue altar of Sif Muna.
  8082 | D:8      | Found an ancient bone altar of Kikubaaqudgha.
  8263 | D:8      | Found a hide-covered altar of Uskayaw.
  8264 | D:8      | Found a snail-covered altar of Cheibriados.
  8266 | D:8      | Found a shadowy altar of Dithmenos.
  8266 | D:8      | Found a broken altar of Ashenzari.
  8361 | D:8      | Noticed a kobold demonologist
  8364 | D:8      | Noticed a kobold demonologist
  8368 | D:8      | Noticed a rust devil
  8369 | D:8      | Killed a kobold demonologist
  8372 | D:8      | Noticed a sun demon
  8376 | D:8      | Noticed a kobold demonologist
  8386 | D:8      | HP: 1/82 [red devil/+2 trident of freezing[a kobold
                  | demonologist] (13)]
  8386 | D:8      | Slain by a red devil

Illustrated notes

Levels and vault maps discovered:
D:1:      onia_arrival_pyramid, layout_rooms, serial_shops,
          nicolae_shop_competitors_out_of_business
D:2:      layout_basic, shapermc_ecumenical_altar_starsandcircs,
          minmay_misc_feat_hallway, uniq_robin, uniq_sigmund
D:3:      layout_basic, serial_rivers, chequers_serial_rivers_micro_b,
          chequers_serial_rivers_micro_e, chequers_serial_rivers_marsh,
          chequers_serial_rivers_micro_c, kennysheep_nondescript,
          chequers_big_river
D:4:      cheibrodos_thug_alley, layout_loops_corners
D:5:      layout_loops_corners, grunt_temple_overflow_forces_of_nature,
          gammafunk_ghost_icy, chequers_serial_rivers_large_b,
          grunt_decor_junction, kennysheep_generic_room_2
D:6:      lemuel_insect_pit, layout_gridville, nicolae_tso_swordbearing_angel,
          gammafunk_ghost_nasty_kobolds, nicolae_concentric_dashed_squares_wild,
          minmay_manual_mares, uniq_prince_ribbit1, uniq_edmund
D:7:      layout_cave_pools, lemuel_blue_sif_altar,
          minmay_temple_entry_large_hall, enter_bailey_5
D:8:      layout_rooms, grunt_temple_overflow_opulence, lemuel_crystal_altar,
          mainiacjoe_overflow_alcove_3
Temple:   pf_slimified_temple

Skill      XL: |  1  2  3  4  5  6  7  8  9 10 |
---------------+-------------------------------+-----
Invocations    | 1 2 3 4 5 6 |  6.2
Short Blades   | 1 2 3 5 6 |  6.7
Long Blades    | 1 2 3 4 5 |  5.7
Maces & Flails | 1 2 3 4 5 |  5.7
Polearms       | 1 2 3 4 5 |  5.7
Staves         | 1 2 3 4 5 |  5.7
Slings         | 1 2 3 4 5 |  5.7
Bows           | 1 2 3 4 5 |  5.7
Crossbows      | 1 2 3 4 5 |  5.7
Throwing       | 1 2 3 4 5 |  5.7
Dodging        | 1 2 3 4 5 |  5.7
Stealth        | 1 2 3 4 5 |  5.7
Unarmed Combat | 1 2 3 4 5 |  5.7
Spellcasting   | 1 2 3 4 5 |  5.7
Evocations     | 1 2 3 4 5 |  5.7
Conjurations   | 1 2 3 4 |  4.7
Hexes          | 1 2 3 4 |  4.7
Summonings     | 1 2 3 4 |  4.7
Necromancy     | 1 2 3 4 |  4.7
Translocations | 1 2 3 4 |  4.7
Transmutations | 1 2 3 4 |  4.7
Fire Magic     | 1 2 3 4 |  4.7
Ice Magic      | 1 2 3 4 |  4.7
Air Magic      | 1 2 3 4 |  4.7
Earth Magic    | 1 2 3 4 |  4.7
Poison Magic   | 1 2 3 4 |  4.7
Axes           | 5 6 7 |  7.4
Fighting       | 7 8 |  8.8
Armour         | 7 8 |  8.8
Shields        | 7 8 |  8.8

Action                   |  1- 3 |  4- 6 |  7- 9 | 10-12 || total
-------------------------+-------+-------+-------+-------++-------
Melee: War axe           |    90 |   115 |    12 |       ||   217
       Bite              |    12 |    10 |    10 |     8 ||    40
       Quarterstaff      |       |       |   119 |   103 ||   222
Throw: Javelin           |       |       |       |     1 ||     1
Evoke: Wand              |       |       |       |     1 ||     1
  Use: Scroll            |     2 |     2 |     8 |     1 ||    13
       Potion            |       |     1 |       |     3 ||     4
 Stab: Distracted        |       |       |     2 |     2 ||     4
Armor: Scale mail        |    52 |    29 |    19 |       ||   100
       Chain mail        |       |       |    40 |    73 ||   113
Dodge: Dodged            |    39 |    49 |   107 |   104 ||   299
Block: Buckler           |    29 |    27 |     2 |       ||    58
